 Dungeon Crawl Stone Soup version 0.30-a0-141-g30f27751c5 (webtiles) character file.

Game seed: 1039326073480140600

1154 qw the Chopper (level 8, -2/50 HPs)
             Began as a Gargoyle Fighter on Sept 25, 2022.
             Slain by a wight
             ... wielding a +0 halberd
              (5 damage)
             ... on level 6 of the Dungeon.
             The game lasted 00:01:40 (4919 turns).

qw the Chopper (Gargoyle Fighter)                   Turns: 4919, Time: 00:01:41

Health: -2/50      AC: 21    Str: 23    XL:     8   Next: 38%
Magic:  0/8        EV:  6    Int:  8    God:
Gold:   209        SH:  4    Dex:  9    Spells: 7/7 levels left

rFire   . . .      SeeInvis .    q - +1 war axe (vamp)
rCold   . . .      Faith    .    c - +0 buckler
rNeg    + + .      Spirit   +    h - +0 plate armour
rPois   inf        Reflect  .    i - +0 helmet
rElec   +          Harm     .    (no cloak)
rCorr   .          Rampage  .    (no gloves)
Will    .....                    a - +2 pair of boots {Fly}
Stlth   ..........               m - amulet of guardian spirit
HPRegen 0.16/turn                f - ring of positive energy
MPRegen 0.11/turn                (no ring)

@: flying
A: sickness immunity, AC +5, negative energy resistance 1, electricity
resistance, torment resistance 1, petrification resistance
a: no special abilities


You were on level 6 of the Dungeon.
You visited 1 branch of the dungeon, and saw 6 of its levels.

You collected 249 gold pieces.
You spent 40 gold pieces at shops.


Innate Abilities, Weirdness & Mutations

You are immune to sickness and miasma.
Your stone body is resilient. (AC +5)
You are immune to poison.
You resist negative energy. (rN+)
You are resistant to electric shocks. (rElec)
You are resistant to unholy torment.
You are immune to petrification.


   Skills:
 - Level 5.4 Fighting
 + Level 7.7 Axes
 - Level 1.2 Throwing
 - Level 4.1 Armour
 - Level 1.1 Dodging
 - Level 3.2 Shields


You had 7 spell levels left.
You didn't know any spells.
Your spell library was empty.

Inventory:

Hand Weapons
 n - a +0 flail
 q - a +1 vampiric war axe (weapon)
Armour
 a - a +2 pair of boots of flying (worn)
 c - a +0 buckler (worn)
 h - a +0 plate armour (worn)
 i - a +0 helmet (worn)
Jewellery
 f - a ring of positive energy (left hand)
 m - an amulet of guardian spirit (around neck)
Scrolls
 b - a scroll of identify
Potions
 d - 5 potions of might
 g - a potion of lignification
 k - a potion of brilliance {unknown}
 l - a potion of resistance {unknown}
 o - 4 potions of curing
 p - 2 potions of haste

Dungeon Overview and Level Annotations

Branches:
Dungeon (6/15)
 Temple: D:4-7

Altars:
Ashenzari
Dithmenos
Hepliaklqana
Vehumet

Shops:
D:2 ((:?

Annotations:
D:3 1 runed translucent door, Crazy Yiuf
D:6 2 runed translucent doors, qw's ghost, novice GrFi


Message History

You miss the adder.
The adder is almost dead.
You hit the wight. x2
The adder bites you but does no damage. The wight barely misses you.
The wight hits you but does no damage. The wight hits you with a +4 battleaxe!
4911 ||| DRINKING potion of heal wounds.
You feel much better. The adder bites you but does no damage.
The wight barely misses you. The wight hits you with a +1 hand axe.
The wight hits you with a +4 battleaxe.
You completely miss the adder.
The adder is almost dead.
You barely miss the wight. You closely miss the wight. The adder bites you.
You block the adder's attack.
The wight hits you from afar with a +0 halberd.
The wight hits you but does no damage. The wight hits you with a +4 battleaxe.
You slash the adder!
You kill the adder!
You hit the wight. You slash the wight! The wight hits you but does no damage.
The wight hits you with a +1 hand axe! The wight hits you but does no damage.
You hit the wight.
The wight is almost destroyed.
You hit the wight.
You destroy the wight!
The wight hits you but does no damage. The wight barely misses you.
You closely miss the wight.
The wight is almost destroyed.
The wight hits you but does no damage. x2
You slash the wight!
You destroy the wight!
The wight barely misses you. The wight hits you with a +0 halberd.
Items here: % )) [[.
You hit the wight.
The wight is lightly damaged.
The wight barely misses you.
You hit the wight but do no damage.
The wight is lightly damaged.
The wight hits you with a +0 halberd.
You die...

#.. ...... .... #.# #....
.... ####.###..### #..#
............. ...#
#...#...## #..
###.%......## #.# #
#.......)...###)##.####
###..............).......
#..<.####++####.@........
#.#####~....~~###z#..####
#. #.~}~#..## ........ #
#.#.....# ..#......
##..$~.#~##..#.#####
###ยค#.####..# # ####
#.(# .#


You could see a wight.

Vanquished Creatures
  An ice beast (D:6)
  A sky beast (D:5)
  An ogre (D:5)
  A necrophage (D:4)
  4 wights (D:6)
  2 scorpions (D:4)
  2 hounds (D:5)
  Ijyb (D:5)
  Natasha (twice) (D:2)
  7 iguanas
  An orc wizard (D:5)
  4 adders
  3 gnolls (D:5)
  A shadow imp (D:5)
  3 dart slugs
  18 orcs
  4 bats
  6 endoplasms
  6 hobgoblins
  13 kobolds
  2 quokkas (D:4)
  5 ball pythons
  3 frilled lizards
  3 goblins
  4 rats
98 creatures vanquished.

Vanquished Creatures (others)
  A plant (D:1)
1 creature vanquished.

Grand Total: 99 creatures vanquished

Notes
Turn   | Place    | Note
-------+----------+-------------------------------------------
     0 | D:1      | qw the Gargoyle Fighter began the quest for the Orb.
     0 | D:1      | Reached XP level 1. HP: 14/14 MP: 1/1
     0 | D:1      | 0 ||| qw: Version: 0.2-a-10-g399e6c4
     0 | D:1      | 0 ||| qw: Game counter: 253
     0 | D:1      | 0 ||| qw: Always use a shield: true
     0 | D:1      | 0 ||| qw: God list: Okawaru
     0 | D:1      | 0 ||| qw: Allow faded altars: false
     0 | D:1      | 0 ||| qw: Do Orc after D:15 true
     0 | D:1      | 0 ||| qw: Do second Lair branch before Depths: true
     0 | D:1      | 0 ||| qw: Lair rune preference: random
     0 | D:1      | 0 ||| qw: Plans: Normal, Zot:1-4, God:TSO, Crypt, Tomb,
                  | Pan, Slime:5, Hells, Abyss, Orb
     0 | D:1      | 0 ||| PLANNING D:1-11
    55 | D:1      | Reached skill level 2 in Axes
   217 | D:1      | Found a faded altar of an unknown god.
   229 | D:1      | Reached XP level 2. HP: 16/19 MP: 2/2
  1047 | D:1      | 1047 ||| UPGRADING to +0 chain mail.
  1057 | D:1      | 1057 ||| DROPPING +0 scale mail.
  1058 | D:1      | 1058 ||| UPGRADING to +1 pair of boots.
  1063 | D:1      | 1063 ||| READING scroll labelled HEIRIANN HEUQE.
  1064 | D:1      | 1064 ||| READING scroll labelled HOYCSO BOPH.
  1111 | D:2      | Reached skill level 3 in Axes
  1134 | D:2      | Noticed Natasha
  1142 | D:2      | Noticed a crimson imp
  1143 | D:2      | Killed Natasha
  1144 | D:2      | Reached XP level 3. HP: 23/23 MP: 3/3
  1274 | D:2      | Found a broken altar of Ashenzari.
  1312 | D:2      | Found Nyxasuly's Magic Scroll Emporium.
  1315 | D:2      | 1315 ||| SHOPLISTING scroll of enchant weapon (75 gold,
                  | have 43).
  1315 | D:2      | 1315 ||| BUYING scroll of identify (20 gold).
  1315 | D:2      | Bought a scroll of identify for 20 gold pieces
  1315 | D:2      | 1315 ||| BUYING scroll of identify (20 gold).
  1315 | D:2      | Bought a scroll of identify for 20 gold pieces
  1315 | D:2      | 1315 ||| SHOPLISTING scroll of teleportation (30 gold, have
                  | 3).
  1396 | D:2      | Found Serrits's Weapon Boutique.
  1396 | D:2      | Noticed Natasha
  1397 | D:2      | 1397 ||| Stepping ~*~*~tactically~*~*~ (hiding).
  1405 | D:2      | Killed Natasha
  1406 | D:2      | Reached skill level 4 in Axes
  1406 | D:2      | Reached XP level 4. HP: 20/28 MP: 4/4
  1490 | D:2      | 1490 ||| SHOPLISTING +0 flail (49 gold, have 3).
  1490 | D:2      | 1490 ||| SHOPLISTING +3 hand axe of the Feeding Pill Bug
                  | {drain, rC+ rCorr Stlth+} (599 gold, have 3).
  1490 | D:2      | 1490 ||| SHOPLISTING +6 flail of holy wrath (536 gold, have
                  | 3).
  1491 | D:2      | Found Jyapnoq's Antique Weapon Shop.
  1499 | D:2      | 1499 ||| SHOPLISTING steaming mace (152 gold, have 3).
  1637 | D:2      | Found Houroutu's Book Emporium.
  1851 | D:2      | 1851 ||| UPGRADING to +2 pair of boots of flying.
  1861 | D:2      | 1861 ||| DROPPING +1 pair of boots.
  1862 | D:2      | 1862 ||| READING scroll labelled REAKKIOMAR.
  1863 | D:2      | 1863 ||| READING scroll labelled ARCHUN QERIOH.
  1864 | D:2      | 1864 ||| READING scroll labelled IWACIM CORYDA.
  1865 | D:2      | 1865 ||| DRINKING 2 smoky puce potions.
  1866 | D:2      | 1866 ||| READING 2 scrolls of identify.
  1866 | D:2      | 1866 ||| IDENTIFYING sedimented orange potion
  2128 | D:3      | Found a runed translucent door.
  2129 | D:3      | Noticed Crazy Yiuf
  2204 | D:3      | Reached skill level 1 in Throwing
  2271 | D:3      | 2271 ||| DROPPING +2 mace of protection.
  2439 | D:3      | 2439 ||| UPGRADING to +0 plate armour.
  2449 | D:3      | 2449 ||| DROPPING +0 chain mail.
  2450 | D:3      | 2450 ||| UPGRADING to amulet of guardian spirit.
  2455 | D:3      | 2455 ||| READING scroll labelled LACEH KATOLOGO.
  2483 | D:3      | 2483 ||| DRINKING 4 yellow potions.
  2484 | D:3      | 2484 ||| READING 3 scrolls of identify.
  2484 | D:3      | 2484 ||| IDENTIFYING smoky coppery potion
  2485 | D:3      | 2485 ||| READING 2 scrolls of identify.
  2485 | D:3      | 2485 ||| IDENTIFYING murky dark potion
  2486 | D:3      | 2486 ||| DROPPING potion of degeneration.
  2487 | D:3      | 2487 ||| DROPPING potion of magic.
  2535 | D:4      | Found a radiant altar of Vehumet.
  2536 | D:4      | 2536 ||| Stepping ~*~*~tactically~*~*~ (hiding).
  2539 | D:4      | 2539 ||| Stepping ~*~*~tactically~*~*~ (hiding).
  2546 | D:4      | 2546 ||| Stepping ~*~*~tactically~*~*~ (stealth).
  2548 | D:4      | 2548 ||| Stepping ~*~*~tactically~*~*~ (stealth).
  2549 | D:4      | 2549 ||| Stepping ~*~*~tactically~*~*~ (stealth).
  2552 | D:4      | Reached XP level 5. HP: 29/32 MP: 3/5
  2569 | D:4      | 2569 ||| FLEEEEING.
  2573 | D:4      | 2573 ||| STAIRDANCE
  2851 | D:4      | 2851 ||| Stepping ~*~*~tactically~*~*~ (stealth).
  2853 | D:4      | 2853 ||| Stepping ~*~*~tactically~*~*~ (hiding).
  2863 | D:4      | Reached skill level 5 in Axes
  2865 | D:4      | 2865 ||| FLEEEEING.
  2866 | D:4      | 2866 ||| FLEEEEING.
  2867 | D:4      | 2867 ||| FLEEEEING.
  2868 | D:4      | 2868 ||| FLEEEEING.
  2869 | D:4      | 2869 ||| FLEEEEING.
  2871 | D:4      | 2871 ||| STAIRDANCE
  3085 | D:3      | 3085 ||| READING scroll labelled GONLAZ FUPEN.
  3086 | D:3      | 3086 ||| READING scroll labelled TIMPOXEJADGH.
  3193 | D:4      | 3193 ||| Stepping ~*~*~tactically~*~*~ (stealth).
  3203 | D:4      | Reached XP level 6. HP: 13/38 MP: 3/6
  3260 | D:4      | 3260 ||| FLEEEEING.
  3262 | D:4      | 3262 ||| STAIRDANCE
  3498 | D:4      | 3498 ||| Stepping ~*~*~tactically~*~*~ (stealth).
  3890 | D:5      | Entered Level 5 of the Dungeon
  3922 | D:5      | 3922 ||| Stepping ~*~*~tactically~*~*~ (hiding).
  3939 | D:5      | Reached skill level 6 in Axes
  3942 | D:5      | Reached XP level 7. HP: 43/43 MP: 7/7
  3958 | D:5      | 3958 ||| SWAPPING to +1 vampiric war axe.
  3959 | D:5      | 3959 ||| DROPPING +1 war axe.
  4107 | D:5      | 4107 ||| Stepping ~*~*~tactically~*~*~ (stealth).
  4117 | D:5      | HP: 10/43 [ogre/+0 giant club (13)]
  4118 | D:5      | 4118 ||| READING scroll of teleportation.
  4318 | D:5      | Found a shadowy altar of Dithmenos.
  4318 | D:5      | Found a hazy altar of Hepliaklqana.
  4322 | D:5      | Noticed a shadow
  4365 | D:5      | Noticed Ijyb
  4378 | D:5      | Killed Ijyb
  4737 | D:5      | Reached skill level 7 in Axes
  4770 | D:5      | 4770 ||| UPGRADING to +0 helmet.
  4775 | D:5      | 4775 ||| UPGRADING to ring of positive energy.
  4776 | D:5      | 4776 ||| DROPPING ring of flight.
  4777 | D:5      | 4777 ||| READING scroll labelled CUNUNW ITILUOS.
  4778 | D:5      | 4778 ||| READING 2 scrolls of identify.
  4778 | D:5      | 4778 ||| IDENTIFYING fizzy clear potion
  4803 | D:6      | Found a large runed translucent door.
  4803 | D:6      | Found a large runed translucent door.
  4806 | D:6      | Noticed qw's ghost (novice GrFi)
  4839 | D:6      | Reached XP level 8. HP: 42/50 MP: 4/8
  4897 | D:6      | 4897 ||| Stepping ~*~*~tactically~*~*~ (stealth).
  4899 | D:6      | Reached skill level 1 in Dodging
  4910 | D:6      | HP: 8/50 [wight/+4 battleaxe (8)]
  4911 | D:6      | 4911 ||| DRINKING potion of heal wounds.
  4917 | D:6      | HP: 3/50 [wight/+0 halberd (4)]
  4919 | D:6      | Slain by a wight

Levels and vault maps discovered:
D:1:      eino_arrival_water_cross, layout_basic,
          dreamdust_ecumenical_altar_grove, chequers_serial_rivers_micro_a
D:2:      layout_loops_ring, basic_altar, serial_shops, shop,
          nicolae_shop_temple_entry_statues_fountains,
          nicolae_shop_behind_doors, nicolae_diamond_shop, uniq_natasha
D:3:      layout_rooms, uniq_crazy_yiuf_cottage
D:4:      layout_rooms, vehumet_altar_wand_db
D:5:      layout_basic, riverfiend_overflow_shadow_ancestor,
          minmay_misc_feat_iff, uniq_ijyb
D:6:      layout_loops_ring, nicolae_uskayaw_murder_on_the_dancefloor,
          ebering_ghost_disaster_area, uniq_sigmund

Skill      XL: |  1  2  3  4  5  6  7  8 |
---------------+-------------------------+-----
Axes           | 2 3 4 5 6 7 |  7.7
Throwing       | 1 |  1.2
Fighting       | 4 5 |  5.4
Armour         | 4 |  4.1
Dodging        | 1 |  1.1
Shields        | |  3.2

Action                   |  1- 3 |  4- 6 |  7- 9 || total
-------------------------+-------+-------+-------++-------
Melee: War axe           |    66 |   126 |   118 ||   310
Throw: Javelin           |       |    46 |     8 ||    54
       Boomerang         |       |       |     1 ||     1
  Use: Scroll            |     2 |     9 |     3 ||    14
       Potion            |       |     2 |     1 ||     3
Armor: Scale mail        |    20 |       |       ||    20
       Chain mail        |    17 |    23 |       ||    40
       Plate armour      |       |    61 |    88 ||   149
Dodge: Dodged            |    31 |    42 |    47 ||   120
Block: Buckler           |     7 |    19 |    19 ||    45

Table legend:
 A = Non-vault XP
 B = Vault XP
 C = Vault XP percentage of total XP
 D = Non-vault monster count
 E = Vault monster count
 F = Vault count percentage of total count
                 A         B        C        D         E       F
            +---------+---------+-------+---------+---------+-------
      Total |    1572 |      77 |   4.7 |      95 |       3 |   3.1
            +---------+---------+-------+---------+---------+-------
        D:1 |      24 |       0 |   0.0 |      14 |       0 |   0.0
        D:2 |      51 |      37 |  42.0 |      10 |       1 |   9.1
        D:3 |      42 |       0 |   0.0 |      15 |       0 |   0.0
        D:4 |     377 |       1 |   0.3 |      30 |       1 |   3.2
        D:5 |     550 |      39 |   6.6 |      17 |       1 |   5.6
        D:6 |     528 |       0 |   0.0 |       9 |       0 |   0.0
            +---------+---------+-------+---------+---------+-------
